AoeStats
← K

Black Forest

509166196Analyzed
4v4 RM · 8d ago on Sep 25, 2026· 56m 4s· 8 players
Game mode
Random Map
Map size
Large (8 player)
Population
200
Speed
Normal
Resources
Standard
Victory
Conquest
Starting age
Dark Age
Ending age
Imperial Age
RankedLock teamsTeams togetherTeam positionsShared explorationLock speedFull tech treeHidden civsTurbo modeCheats
Victory
Defeat
🇬🇧 Mongols · United Kingdom
1177
+12
🇫🇮 Berbers · Finland
1101
+15
🇩🇪 Khmer · Germany
1040
+18
🇨🇳 Jurchens · China
1018
+19
🇸🇪 Inca · Sweden
1109
-17
🇵🇱 Britons · Poland
1102
-17
🇵🇪 Lithuanians · Peru
1081
-16
🇦🇷 Celts · Argentina
1032
-14
jochizan
11:10 Feudal Age
15:26 Castle Age
13:26 Double-Bit Axe
13:49 Horse Collar
17:11 Wheelbarrow
17:02 Bow Saw
17:22 Heavy Plow
23:13 Loom
25:41 Scale Barding Armor
25:46 Forging
28:34 Imperial Age
26:41 Hand Cart
26:22 Gold Mining
26:33 Stone Mining
27:11 Forging
27:02 Scale Mail Armor
26:55 Fletching
27:12 Loom
27:13 Town Watch
30:33 Two-Man Saw
30:05 Crop Rotation
30:13 Iron Casting
29:59 Chain Barding Armor
30:08 Conscription
31:34 Stone Shaft Mining
31:01 Scale Mail Armor
30:58 Bodkin Arrow
31:04 Padded Archer Armor
32:00 Town Patrol
32:39 Plate Barding Armor
32:02 Elite Leitis
33:40 Chain Mail Armor
33:26 Bracer
33:25 Elite Skirmisher
34:11 Thumb Ring
34:27 Husbandry
34:38 Bloodlines
33:53 Light Cavalry
35:49 Chemistry
35:10 Ballistics
35:04 Masonry
34:36 Treadmill Crane
34:52 Murder Holes
37:14 Pikeman
37:57 Squires
38:50 Halberdier
40:02 Tower Shields
42:35 Architecture
47:59 Capped Ram
52:37 Bombard Tower
52:08 Guard Tower
52:29 Fortified Wall
52:42 Ballistics
52:13 Guard Tower
stinaj90
0:33 Loom
13:04 Feudal Age
17:17 Castle Age
18:20 Double-Bit Axe
21:10 Bow Saw
24:41 Fishing Lines
26:52 Horse Collar
27:51 Wheelbarrow
27:01 Town Watch
29:30 Heavy Plow
32:11 Imperial Age
30:26 Stone Mining
31:32 Champi Runner
32:12 Squires
32:12 Fletching
32:32 Forging
33:17 Hand Cart
33:00 Gold Mining
33:45 Stone Shaft Mining
32:40 Champi Warrior
33:18 Bodkin Arrow
33:23 Scale Mail Armor
33:32 Padded Archer Armor
34:27 Town Patrol
35:07 Gold Shaft Mining
35:02 Crop Rotation
34:51 Fortified Wall
34:24 Treadmill Crane
35:36 Murder Holes
36:42 Chemistry
36:02 Ballistics
35:25 Elite Champi Warrior
37:22 Leather Archer Armor
38:54 Iron Casting
38:49 Conscription
38:24 Elite Kamayuk
40:46 Masonry
41:38 Blast Furnace
40:38 Bracer
40:58 Andean Sling
41:42 Elite Skirmisher
42:49 Bracer
43:53 Fabric Shields
46:11 Ring Archer Armor
45:56 Chain Mail Armor
47:57 Plate Mail Armor
50:27 Arson
53:45 Onager
54:37 Siege Engineers
crepysa
0:48 Loom
11:38 Feudal Age
12:05 Double-Bit Axe
12:26 Horse Collar
19:14 Castle Age
17:55 Fletching
18:06 Gold Mining
18:30 Stone Mining
20:04 Wheelbarrow
20:17 Bow Saw
20:21 Town Watch
27:48 Heavy Plow
34:34 Imperial Age
32:36 Bodkin Arrow
32:52 Forging
33:59 Murder Holes
35:01 Masonry
35:25 Furor Celtica
34:38 Capped Ram
36:35 Chemistry
35:51 Siege Ram
37:13 Heavy Scorpion
37:24 Pikeman
40:25 Siege Engineers
42:49 Gold Shaft Mining
43:54 Caravan
luzAK-47
10:27 Feudal Age
14:39 Castle Age
13:04 Horse Collar
13:42 Double-Bit Axe
21:44 Bow Saw
22:34 Loom
25:07 Wheelbarrow
24:57 Gold Mining
24:58 Stone Mining
25:38 Heavy Plow
29:07 Hand Cart
29:51 Gold Shaft Mining
29:28 Caravan
32:17 Imperial Age
29:42 Fletching
29:52 Padded Archer Armor
30:33 Bodkin Arrow
31:42 Ballistics
31:41 Masonry
31:26 Guard Tower
32:45 Leather Archer Armor
32:27 Pikeman
33:11 Squires
32:35 Elite Longbowman
33:40 Yeomen
35:34 Chemistry
36:39 Bracer
37:09 Ring Archer Armor
36:10 Halberdier
40:33 Scale Mail Armor
40:45 Forging
56:27 Keep
56:01 Siege Engineers
56:32 Keep
Mahihan
10:47 Feudal Age
11:51 Loom
14:30 Castle Age
12:23 Double-Bit Axe
12:31 Horse Collar
16:01 Bow Saw
16:54 Heavy Plow
19:39 Wheelbarrow
19:01 Town Watch
26:54 Imperial Age
27:05 Imperial Age
25:05 Hand Cart
25:19 Scale Barding Armor
25:53 Forging
26:30 Husbandry
26:40 Bloodlines
27:34 Iron Casting
27:28 Chain Barding Armor
30:33 Plate Barding Armor
29:28 Elite Battle Elephant
31:29 Chemistry
30:55 Ballistics
30:46 Masonry
33:19 Blast Furnace
31:48 Heavy Scorpion
35:11 Siege Engineers
35:49 Double Crossbow
36:12 Conscription
36:27 Tusk Swords
38:24 Caravan
YuangXue
1:06 Loom
12:45 Feudal Age
13:44 Double-Bit Axe
16:55 Castle Age
14:57 Horse Collar
18:03 Bow Saw
20:28 Wheelbarrow
22:11 Gold Mining
22:31 Scale Barding Armor
23:49 Heavy Plow
24:54 Hand Cart
25:45 Gold Shaft Mining
26:31 Chain Barding Armor
27:00 Stone Mining
27:48 Forging
32:22 Imperial Age
32:14 Fortified Bastions
33:32 Iron Casting
35:12 Stone Shaft Mining
34:21 Elite Fire Lancer
35:02 Squires
35:16 Bloodlines
35:07 Husbandry
36:10 Blast Furnace
35:46 Plate Barding Armor
35:12 Scale Mail Armor
34:40 Heavy Rocket Cart
36:34 Thunderclap Bombs
37:04 Gambesons
37:05 Arson
37:13 Fletching
38:14 Elite Iron Pagoda
41:37 Siege Engineers
42:33 Chemistry
45:30 Guard Tower
45:20 Treadmill Crane
45:51 Masonry
45:27 Arrowslits
46:02 Ballistics
45:36 Guard Tower
46:00 Masonry
46:00 Fortified Wall
45:45 Murder Holes
46:36 Chain Mail Armor
46:20 Bodkin Arrow
48:19 Keep
47:54 Bracer
49:12 Architecture
55:57 Caravan
55:30 Elite Skirmisher
JollyWoNKa
1:09 Loom
15:08 Feudal Age
20:27 Castle Age
18:51 Horse Collar
19:38 Double-Bit Axe
22:55 Bow Saw
26:47 Wheelbarrow
25:57 Town Watch
31:45 Fishing Lines
32:16 Gold Mining
32:58 Heavy Plow
32:52 Fletching
33:32 Stone Mining
38:53 Imperial Age
36:51 Bloodlines
39:23 Heavy Camel Rider
40:04 Husbandry
40:17 Scale Barding Armor
40:09 Bodkin Arrow
40:27 Forging
40:23 Kasbah
40:44 Conscription
41:00 Hoardings
41:18 Ballistics
42:10 Treadmill Crane
42:28 Murder Holes
43:49 Chain Barding Armor
45:07 Guilds
45:31 Coinage
47:45 Iron Casting
50:48 Crop Rotation
50:11 Gillnets
50:59 Gold Shaft Mining
51:11 Banking
50:41 Caravan
53:29 Blast Furnace
52:33 Padded Archer Armor
54:39 Hand Cart
55:26 Chemistry
54:38 Masonry
54:25 Light Cavalry
54:28 Elite Skirmisher
55:14 Thumb Ring
K
11:27 Feudal Age
15:15 Castle Age
20:51 Wheelbarrow
20:08 Stone Mining
20:29 Double-Bit Axe
20:51 Horse Collar
21:38 Heavy Plow
23:49 Bow Saw
23:42 Gold Mining
25:35 Gold Shaft Mining
25:37 Stone Shaft Mining
24:57 Loom
26:19 Fletching
26:30 Padded Archer Armor
27:08 Hand Cart
29:59 Imperial Age
28:01 Ballistics
27:58 Leather Archer Armor
28:07 Town Watch
28:21 Bodkin Arrow
29:53 Thumb Ring
30:08 Forging
30:04 Scale Barding Armor
30:43 Bracer
31:11 Parthian Tactics
30:52 Husbandry
31:02 Bloodlines
31:16 Conscription
31:44 Caravan
31:42 Elite Mangudai
32:32 Scale Barding Armor
33:09 Capped Ram
35:27 Chemistry
35:11 Siege Ram
40:06 Drill
44:09 Iron Casting
43:55 Chain Barding Armor
43:45 Light Cavalry
45:55 Hussar
48:18 Blast Furnace
47:04 Onager
Connection lost

Rejoining the realm…

Still unreachable

The connection could not be restored.

Session expired

The server has moved on; the page needs a fresh start.